Map: Catalyst LE

Players

Solar - Winner!

  • Race: Zerg Zerg
  • Spawn Location: 11:00

Zanster

  • Race: Zerg Zerg
  • Spawn Location: 5:00

Event: IEM Season 12 - Katowice

VOD

Have the link to the VOD?

Description

Time

  • Played on: Feb. 26, 2018, 11:11 a.m.
  • Length: 15:18

All games in this series

Show
View Real Time Build Order
Export as new Build Order

Solar Zerg - Winner!

Build Orders: Hatch First 

Get SALT Encoding   

  12  0:02  Drone  
  13  0:12  Overlord  
  13  0:17  Drone  
  14  0:30  Drone x2  
  14  0:34  Drone  
  17  0:51  Hatchery  
  17  0:54  Drone  
  17  0:58  Drone  
  17  1:03  Extractor  
  17  1:13  Spawning Pool  
  17  1:16  Drone  
  17  1:20  Drone  
  18  1:28  Drone  
  19  1:39  Overlord  
  19  2:00  Drone, Queen  
  23  2:01  Zergling x2  
  23  2:02  Queen  
  23  2:05  Metabolic Boost  
  23  2:07  Zergling x2  
  26  2:21  Zergling x2  
  26  2:22  Drone x2  
  29  2:26  Drone  
  30  2:33  Baneling Nest  
  29  2:39  Drone  
  29  2:41  Drone  
  31  2:50  Zergling x2  
  32  2:55  Hatchery  
  32  2:58  Overlord  
  31  3:03  Drone  
  31  3:04  Drone  
  33  3:06  Drone  
  33  3:09  Drone  
  35  3:17  Drone x4  
  35  3:19  Evolution Chamber  
  38  3:20  Drone  
  38  3:23  Zergling x2  
  38  3:26  Zergling x2  
  41  3:27  Zergling x2  
  41  3:31  Overlord  
  42  3:34  Drone  
  43  3:43  Baneling Nest  
  43  3:44  Zergling x2  
  43  3:47  Zergling x2  
  44  3:50  Spine Crawler, Zergling x6  
  44  3:53  Zergling x2  
  44  3:54  Zergling x2  
  48  3:57  Zergling x4  
  50  4:04  Zergling x2  
  50  4:09  Zergling x2  
  50  4:14  Zergling x2  
  45  4:18  Zergling x2  
  45  4:19  Zergling x8  
  45  4:22  Queen  
  46  4:24  Zergling x2  
  46  4:28  Baneling  
  46  4:31  Zergling x4  
  46  4:32  Queen  
  46  4:34  Zergling x2  
  46  4:37  Baneling  
  48  4:40  Baneling x2  
  48  4:41  Baneling x2  
  48  4:46  Zergling x6  
  51  4:53  Drone x2  
  51  4:55  Drone  
  51  4:59  Extractor  
  53  5:04  Drone x2, Roach Warren  
  53  5:05  Drone  
  55  5:11  Drone  
  55  5:13  Drone  
  56  5:17  Drone  
  56  5:20  Zerg Missile Weapons Level 1  
  57  5:21  Overlord  
  57  5:23  Overlord  
  57  5:26  Overlord  
  56  5:32  Drone, Overlord  
  56  5:33  Drone  
  56  5:35  Lair  
  58  5:40  Drone x2  
  58  5:41  Drone, Zergling x2  
  61  5:43  Drone  
  61  5:45  Drone  
  61  5:47  Drone  
  61  5:49  Extractor  
  63  5:54  Drone x2  
  63  5:55  Drone  
  63  5:56  Drone  
  67  6:00  Drone  
  67  6:01  Drone x3  
  67  6:04  Drone x2  
  73  6:06  Drone  
  73  6:07  Drone  
  73  6:09  Overlord  
  75  6:16  Overlord  
  74  6:21  Drone, Extractor  
  74  6:22  Drone x4  
  74  6:24  Drone, Extractor  
  78  6:26  Drone  
  78  6:30  Roach x2  
  78  6:31  Roach  
  85  6:34  Glial Reconstitution  
  85  6:35  Overseer  
  85  6:37  Roach x2  
  85  6:38  Roach  
  91  6:43  Drone  
  91  6:44  Drone  
  91  6:45  Drone x2  
  93  6:47  Overlord  
  93  6:48  Roach x2  
  93  6:52  Roach  
  93  6:53  Roach  
  100  6:58  Drone  
  100  6:59  Overlord  
  100  7:01  Roach x2  
  105  7:05  Overlord x2  
  105  7:08  Overlord  
  105  7:10  Overlord  
  105  7:15  Overlord  
  104  7:26  Drone, Roach x4  
  104  7:27  Roach x2  
  116  7:31  Roach x2  
  116  7:32  Roach  
  116  7:33  Roach  
  124  7:38  Overlord  
  124  7:39  Roach x2  
  124  7:41  Overlord  
  128  7:44  Ravager x3  
  128  7:45  Ravager  
  128  7:50  Zerg Missile Weapons Level 2  
  132  7:57  Roach x4  
  140  8:01  Hatchery  
  138  8:06  Roach x4  
  138  8:09  Overlord  
  145  8:15  Roach  
  145  8:16  Roach x3  
  149  8:20  Roach x2  
  149  8:22  Roach  
  149  8:23  Roach  
  149  8:24  Overseer  
  149  8:26  Roach  
  158  8:30  Roach x2  
  158  8:33  Roach  
  163  8:35  Overlord  
  163  8:37  Roach  
  163  8:39  Roach  
  163  8:41  Roach  
  169  8:45  Roach x2  
  169  8:47  Roach  
  175  8:49  Overlord  
  173  8:56  Roach x2  
  173  8:58  Roach x3  
  173  9:01  Extractor  
  182  9:02  Burrow  
  182  9:03  Overseer  
  182  9:05  Overseer  
  182  9:07  Overlord  
  182  9:09  Tunneling Claws  
  182  9:12  Roach  
  188  9:17  Roach x2  
  188  9:23  Roach x2  
  188  9:26  Ravager  
  188  9:27  Roach x3  
  188  9:30  Roach  
  197  9:37  Roach x2  
  192  9:42  Roach x3  
  192  9:43  Roach  
  176  9:46  Roach x2  
  176  9:47  Roach x2  
  176  9:52  Roach x2  
  161  9:53  Roach x2  
  161  9:57  Roach x2  
  161  9:58  Roach  
  153  10:00  Roach  
  153  10:01  Roach  
  153  10:03  Roach  
  153  10:06  Roach x2  
  137  10:12  Drone  
  137  10:13  Drone  
  137  10:14  Drone x3  
  138  10:18  Roach  
  138  10:19  Roach  
  142  10:24  Roach x3  
  148  10:34  Ravager x4  
  152  10:38  Roach x6  
  152  10:40  Overseer  
  152  10:42  Unknown  
  164  10:44  Unknown  
  164  10:45  Unknown  
  164  10:48  Roach x5  
  174  10:55  Roach x4  
  182  10:59  Roach x4  
  182  11:02  Pneumatized Carapace  
  182  11:03  Roach x3  
  186  11:07  Overseer  
  186  11:10  Roach x2  
  188  11:13  Roach x2  
  188  11:15  Roach x2  
  196  11:19  Roach  
  196  11:23  Ravager  
  196  11:24  Roach x2  
  197  11:28  Roach  
  197  11:31  Roach x2  
  197  11:34  Roach x2  
  194  11:42  Roach  
  194  11:43  Roach  
  194  11:45  Roach x2  
  194  11:46  Roach  
  187  11:47  Roach x2  
  187  11:48  Roach x3  
  187  11:51  Roach x2  
  199  11:54  Roach x2  
  199  11:57  Ravager  
  200  12:08  Roach x2  
  200  12:13  Roach x2  
  198  12:20  Roach x2  
  198  12:21  Roach x24  
  198  12:22  Roach x3  
  194  12:23  Roach x2  
  194  12:26  Queen  
  194  12:28  Roach x2  
  174  12:31  Roach  
  174  12:34  Roach  
  174  12:36  Ravager x2  
  167  12:37  Roach  
  167  12:41  Roach x2  
  167  12:43  Roach  
  159  12:46  Roach  
  159  12:47  Roach  
  147  12:54  Roach x2  
  147  12:56  Roach x2  
  147  13:02  Roach x2  
  147  13:04  Roach x2  
  150  13:07  Roach x2  
  154  13:13  Ravager x6  
  154  13:17  Roach x2  
  154  13:18  Roach x4  
  164  13:21  Roach x2  
  164  13:23  Roach x2  
  164  13:26  Roach  
  164  13:27  Roach  
  176  13:30  Roach x2  
  176  13:33  Roach  
  182  13:35  Roach  
  182  13:36  Roach  
  182  13:37  Roach x4  
  182  13:39  Roach  
  182  13:40  Roach  
  190  13:44  Roach  
  190  13:47  Roach x2  
  192  13:49  Roach  
  192  13:50  Roach x22  
  192  13:54  Roach x2  
  192  13:55  Roach  
  194  13:57  Roach x2  
  194  14:01  Roach  
  194  14:02  Roach  
  186  14:05  Roach x2  
  186  14:07  Roach  
  184  14:10  Roach  
  184  14:12  Overseer  
  184  14:15  Roach  
  184  14:16  Roach x2  
  190  14:18  Roach  
  190  14:20  Roach  
  190  14:23  Roach  
  186  14:25  Roach  
  186  14:28  Roach x2  
  188  14:33  Roach x2  
  188  14:37  Roach  
  192  14:40  Roach x2  
  192  14:41  Roach  
  192  14:42  Roach  
  179  14:45  Roach  
  179  14:46  Roach x2  
  179  14:49  Roach x2  
  179  14:51  Roach  
  167  14:54  Roach  
  167  14:56  Roach  
  167  14:57  Ravager  
  162  15:14  Ravager  
  162  15:15  Ravager  
  162  15:16  Ravager x2  
Show
View Real Time Build Order
Export as new Build Order

Zanster Zerg 

Build Orders: Pool First 

Get SALT Encoding   

  12  0:00  Drone  
  13  0:13  Overlord  
  13  0:16  Drone  
  14  0:31  Drone x2  
  16  0:41  Spawning Pool  
  15  0:44  Drone  
  15  0:48  Drone  
  17  0:56  Drone  
  18  1:13  Hatchery  
  18  1:17  Extractor  
  16  1:28  Zergling x2  
  16  1:29  Zergling x4  
  19  1:34  Queen  
  21  1:41  Drone  
  22  1:52  Overlord  
  22  2:10  Drone, Queen  
  22  2:13  Drone  
  26  2:21  Metabolic Boost  
  26  2:22  Drone  
  27  2:25  Drone  
  27  2:29  Queen  
  30  2:33  Drone  
  30  2:35  Drone  
  32  2:43  Drone x2  
  34  2:52  Drone, Baneling Nest  
  34  2:56  Overlord  
  34  2:59  Drone  
  34  3:02  Drone  
  36  3:21  Zergling x14  
  36  3:22  Zergling x2  
  44  3:27  Overlord  
  44  3:31  Evolution Chamber  
  43  3:36  Zergling x2  
  43  3:40  Overlord  
  44  3:45  Zergling x6  
  47  3:52  Zergling x2  
  47  3:53  Baneling x2  
  47  3:55  Baneling x2  
  48  3:57  Zergling x6  
  51  4:08  Baneling x3  
  43  4:18  Zergling x2  
  43  4:19  Zergling x10  
  44  4:26  Zergling x8  
  44  4:45  Drone x4  
  47  4:46  Drone  
  47  4:48  Zergling x2  
  47  4:51  Hatchery  
  48  4:57  Drone x4  
  52  5:03  Zerg Missile Weapons Level 1  
  52  5:07  Drone  
  52  5:08  Drone x2  
  52  5:11  Drone x2  
  57  5:16  Overlord  
  57  5:21  Baneling x2  
  57  5:23  Drone x2  
  55  5:33  Extractor x2  
  55  5:35  Roach Warren  
  52  5:37  Drone x5  
  57  5:46  Overlord  
  57  5:48  Zergling x6  
  59  5:55  Lair  
  59  5:59  Drone x4  
  59  6:00  Drone  
  63  6:14  Drone  
  63  6:15  Drone x3  
  67  6:21  Extractor, Overlord  
  67  6:24  Drone x4  
  70  6:30  Overlord  
  70  6:31  Drone x3  
  73  6:34  Drone  
  73  6:35  Drone, Extractor  
  74  6:43  Overlord  
  73  6:47  Drone  
  73  6:48  Drone  
  73  6:49  Overlord  
  73  6:51  Drone x5  
  73  6:53  Glial Reconstitution  
  78  6:57  Overlord  
  78  7:00  Unknown, Zerg Missile Weapons Level 2  
  78  7:10  Roach x6  
  78  7:11  Roach  
  78  7:12  Overlord  
  92  7:17  Hatchery  
  92  7:20  Roach x4  
  96  7:23  Overlord  
  96  7:25  Roach  
  96  7:26  Roach  
  96  7:27  Roach  
  96  7:29  Roach  
  101  7:30  Roach  
  101  7:32  Roach  
  101  7:36  Roach  
  111  7:37  Roach x2  
  111  7:40  Overseer  
  111  7:42  Ravager  
  113  7:44  Ravager x3  
  113  7:49  Roach x2  
  119  7:51  Overlord  
  119  7:57  Roach x5  
  129  7:59  Overlord  
  129  8:07  Roach x4  
  129  8:12  Overlord  
  137  8:16  Overlord x2  
  137  8:18  Overlord  
  137  8:21  Roach x4  
  137  8:22  Overlord  
  137  8:26  Overlord  
  145  8:32  Tunneling Claws, Burrow  
  147  8:34  Roach x2  
  147  8:35  Overlord  
  147  8:36  Overlord  
  149  8:45  Roach x5  
  159  8:53  Drone  
  157  8:57  Roach x5  
  157  8:59  Roach  
  169  9:03  Ravager  
  170  9:10  Roach x3  
  170  9:11  Roach x2  
  170  9:13  Overlord  
  178  9:29  Roach x9  
  178  9:30  Roach  
  178  9:31  Overlord  
  198  9:35  Overlord  
  182  9:40  Roach x5  
  178  9:45  Roach  
  178  9:46  Roach x2  
  150  9:54  Roach  
  150  9:55  Roach x4  
  139  10:02  Roach  
  139  10:03  Roach x2  
  133  10:12  Roach  
  133  10:13  Roach x26  
  147  10:14  Queen  
  147  10:17  Spine Crawler  
  142  10:21  Roach  
  142  10:22  Roach x3, Overseer  
  150  10:29  Roach x2  
  150  10:31  Roach  
  150  10:32  Roach  
  158  10:39  Roach, Extractor  
  158  10:42  Roach x3  
  159  10:47  Roach x3  
  159  10:48  Roach x4  
  159  10:49  Roach x2  
  171  10:58  Roach x7  
  185  11:10  Hatchery  
  180  11:20  Roach x10  
  180  11:23  Overseer  
  200  11:29  Roach  
  198  11:44  Roach  
  198  11:45  Roach x10  
  198  11:50  Roach x4  
  193  11:55  Roach x3  
  197  12:03  Unknown x3  
  197  12:04  Pneumatized Carapace  
  176  12:16  Roach x12  
  180  12:23  Roach  
  180  12:26  Roach  
  180  12:27  Roach x4  
  160  12:31  Roach x4  
  160  12:35  Queen  
  160  12:37  Roach  
  134  12:45  Roach  
  134  12:46  Roach x4  
  134  12:49  Roach x2  
  134  12:54  Roach x14  
  134  12:55  Roach  
  134  12:56  Roach x2  
  134  12:57  Roach  
  138  13:07  Roach x5  
  138  13:08  Roach x6  
  148  13:15  Roach x4  
  148  13:17  Ravager x5  
  161  13:23  Drone  
  161  13:24  Drone x3  
  165  13:28  Roach x3  
  159  13:46  Overseer  
  159  13:47  Roach  
  159  13:48  Roach x8  
  174  13:53  Roach x10  
  143  14:05  Roach x9  
  154  14:15  Roach x4  
  154  14:16  Roach x5  
  142  14:36  Roach x8  
  158  14:43  Roach x2  
  140  14:48  Roach x3  

Tags
 
Add a new tag
Caveats
  • Supply blocks, unpowered buildings, or Contaminate may cause inaccurate times.
  • Supply counts are checked every 10 seconds.